AoeStats
← Coyunto90

Four Lakes

509346370Analyzed
1v1 RM · 6d ago on Sep 26, 2026· 30m 33s· 2 players
Game mode
Random Map
Map size
Tiny (2 player)
Population
200
Speed
Normal
Resources
Standard
Victory
Conquest
Starting age
Dark Age
Ending age
Imperial Age
RankedLock teamsTeams togetherTeam positionsShared explorationLock speedFull tech treeHidden civsTurbo modeCheats
Victory
Defeat
🇪🇸 Turks · Spain
1155
+16
🇳🇴 Bengalis · Norway
1161
-16
Coyunto90
7:24 Loom
9:34 Feudal Age
10:30 Double-Bit Axe
16:59 Fishing Lines
17:17 Fishing Lines
21:04 Castle Age
19:35 Scale Barding Armor
19:31 Gold Mining
20:59 Forging
22:11 Gillnets
23:14 Medium Warships
24:04 Bloodlines
25:42 Husbandry
26:48 Iron Casting
27:55 Fletching
31:22 Imperial Age
29:13 Horse Collar
30:07 Devotion
▬ι ﺤ | s_ry1
3:34 Loom
10:44 Feudal Age
12:00 Wheelbarrow
11:23 Double-Bit Axe
15:21 Fishing Lines
18:18 Castle Age
17:23 Forging
17:14 Scale Mail Armor
18:40 Stone Mining
18:40 Gold Mining
22:21 Hand Cart
23:03 Fervor
24:38 Redemption
31:35 Imperial Age
Connection lost

Rejoining the realm…

Still unreachable

The connection could not be restored.

Session expired

The server has moved on; the page needs a fresh start.